 Dungeon Crawl Stone Soup version 0.30.1-4-g462c640d31 (webtiles) character file.

Game seed: 3874354576194947279

155 arthad the Chopper (level 5, -3/28 HPs)
             Began as a Vine Stalker Berserker on Aug 26, 2023.
             Was a Priest of Trog.
             Slain by Sigmund
             ... wielding a +0 scythe
              (8 damage)
             ... on level 3 of the Dungeon.
             The game lasted 00:03:29 (1649 turns).

arthad the Chopper (Vine Stalker Berserker)         Turns: 1649, Time: 00:03:30

Health: -3/28      AC:  3    Str: 22    XL:     5   Next: 37%
Magic:  0/6        EV: 12    Int:  7    God:    Trog [***...]
Gold:   132        SH:  0    Dex: 13    Spells: 4/4 levels left

rFire   . . .        a - +0 hand axe
rCold   . . .        (no shield)
rNeg    . . .        b - +1 animal skin
rPois   .            (no helmet)
rElec   .            (no cloak)
rCorr   .            (no gloves)
SInv    .            (no boots)
Will    ++...        d - amulet of faith
Stlth   +            (no ring)
HPRegen 2.04/turn    (no ring)
MPRegen 0.10/turn

%: guardian spirit, faith
@: lethally poisoned (-3 -> -4), strong-willed, regenerating
A: fangs 2, regeneration 1, magic shield, antimagic bite, no potion heal 2
a: Renounce Religion, Berserk, Trog's Hand


You were on level 3 of the Dungeon.
You worshipped Trog.
Trog was most pleased with you.
You visited 1 branch of the dungeon, and saw 3 of its levels.

You collected 132 gold pieces.

Inventory:

Hand Weapons
 a - a +0 hand axe (weapon)
Armour
 b - a +1 animal skin (worn)
Jewellery
 d - an amulet of faith (around neck)
Scrolls
 i - a scroll of amnesia
Potions
 c - 3 potions of heal wounds {unknown}
 e - a potion of might {unknown}
 f - 2 potions of curing {unknown}
 k - a potion of haste {unknown}


   Skills:
 + Level 3.5 Fighting
 + Level 3.5 Axes
 + Level 2.5 Armour
 + Level 2.4 Dodging


You had 4 spell levels left.
You didn't know any spells.
Your spell library contained the following spells:

 Spells                   Type           Power      Damage    Failure   Level
 Slow                     Hex            0%         N/A       43%         1
 Call Canine Familiar     Summ           0%         N/A       80%         3
 Confusing Touch          Hex            0%         N/A       80%         3
 Portal Projectile        Hex/Tloc       0%         N/A       80%         3
 Vampiric Draining        Necr           0%         2d6       80%         3
 Leda's Liquefaction      Hex/Erth       0%         N/A       99%         4


Dungeon Overview and Level Annotations

Branches:
Dungeon (3/15)

Altars:

Shops:
D:1 (

Annotations:
D:3 Sigmund


Innate Abilities, Weirdness & Mutations

You have extremely sharp teeth.
Your natural rate of healing is unusually fast.
When hurt, damage is shared between your health and your magic reserves.
Your bite disrupts and absorbs the magic of your enemies.
Potions cannot restore your health.


Message History

You bite the hobgoblin, but do no damage.
The hobgoblin is moderately wounded.
The hobgoblin barely misses you.
Sigmund the Dreaded comes into view.
He is wielding a +0 scythe.
You slash the hobgoblin!
You kill the hobgoblin!
Trog accepts your kill.
Sigmund drinks a potion.
Sigmund's spells are empowered!
Sigmund hits you from afar with a +0 scythe!
You barely miss the adder. The adder bites you.
You are poisoned.
The adder poisons you! Sigmund gestures at you while chanting.
You resist with significant effort.
You hit the adder. Your bite misses the adder.
The adder is moderately wounded.
You feel sick. The adder bites you.
You are more poisoned.
The adder poisons you! The adder misses you. Sigmund misses you.
You barely miss the adder.
The adder is moderately wounded.
You feel sick. The adder bites you but does no damage.
You closely miss the adder. You bite the adder! You drain its power.
You feel invigorated.
The adder is almost dead.
You feel sick. The adder bites you.
Sigmund hits you from afar with a +0 scythe!
* * * LOW HITPOINT WARNING * * *
The adder barely misses you.
You are too injured to fight recklessly!
You are too injured to fight recklessly!
You are too injured to fight recklessly!
Your skin crawls.
You feel strong-willed.
You feel sick. The adder bites you.
* * * LOW HITPOINT WARNING * * *
You are more poisoned.
The adder poisons you!
Sigmund hits you from afar with a +0 scythe!
You die...

...........## #.#....#.#.#
...........####.####.#.#.#
.##..........##......#...#
.##..##....#.#####.#...###
..........#.# #.....#.#
####.......#.# #.#.###.#
.......#.....# #.#.....#
.###..<#..######.#######
.....))..)..<..S@##########
........))................#
.........#.....@#########.#
................... #.#
##....#..#......### #.#
#......##......# ..#
####......###### ####
....##.. ..... ..


You could see Sigmund (empowered) and an adder.

Vanquished Creatures
  2 orc priests
  An orc wizard (D:3)
  2 dart slugs (D:2)
  2 orcs (D:3)
  5 endoplasms
  3 giant cockroaches
  3 hobgoblins
  10 jackals (D:1)
  2 quokkas (D:1)
  4 ball pythons (D:1)
  5 bats
  4 frilled lizards
  6 goblins
  11 kobolds
  3 rats
63 creatures vanquished.

Notes
Turn   | Place    | Note
-------+----------+-------------------------------------------
     0 | D:1      | arthad the Vine Stalker Berserker began the quest for the
                  | Orb.
     0 | D:1      | Reached XP level 1. HP: 11/11 MP: 2/2
    61 | D:1      | Found Mupeal's Weapon Boutique.
    93 | D:1      | Reached XP level 2. HP: 16/16 MP: 3/3
   278 | D:1      | Reached ** piety under Trog
   331 | D:1      | Reached XP level 3. HP: 19/20 MP: 4/4
  1276 | D:2      | Gained mutation: Your natural rate of healing is unusually
                  | fast. [Vine Stalker growth]
  1276 | D:2      | Reached XP level 4. HP: 24/24 MP: 3/5
  1321 | D:2      | Reached *** piety under Trog
  1513 | D:3      | Reached XP level 5. HP: 28/28 MP: 4/6
  1642 | D:3      | Noticed Sigmund
  1649 | D:3      | Slain by Sigmund

Illustrated notes

Levels and vault maps discovered:
D:1:      kennysheep_arrival_seaside, layout_rooms, serial_shops,
          nicolae_diamond_shop, minivault_24
D:2:      layout_rooms
D:3:      layout_basic, uniq_sigmund, uniq_jessica

Skill      XL: |  1  2  3 |
---------------+----------+-----
Fighting       | 3 |  3.5
Axes           | 3 |  3.5
Dodging        | 2 |  2.4
Armour         | 2 |  2.5

Action                     |  1- 3 |  4- 6 || total
---------------------------+-------+-------++-------
  Melee: Hand axe          |   113 |    39 ||   152
         Bite              |    26 |    12 ||    38
         Punch             |       |     2 ||     2
 Invoke: Berserk           |     1 |       ||     1
         Trog's Hand       |       |     2 ||     2
    Use: Scroll            |       |     4 ||     4
   Stab: Sleeping          |       |     2 ||     2
 Armour: Animal skin       |    34 |     8 ||    42
  Dodge: Dodged            |   103 |    39 ||   142
